 Dungeon Crawl Stone Soup version 0.19.0-11-g3fc08b3 (webtiles) character file.

15851 LORDOFBUTT the Peltast (level 12, -10/81 HPs)
             Began as a Formicid Fighter on Nov 8, 2016.
             Was an Initiate of Gozag.
             Mangled by a hill giant
             ... wielding a +0 giant club
              (39 damage)
             ... on level 1 of the Orcish Mines on Nov 9, 2016.
             The game lasted 00:16:02 (11403 turns).

LORDOFBUTT the Peltast (Formicid Fighter)          Turns: 11403, Time: 00:16:04

Health: -10/81     AC: 12    Str: 24      XL:     12   Next: 62%
Magic:  12/12      EV:  9    Int:  7 (9)  God:    Gozag
Gold:   1414       SH: 14    Dex: 11      Spells: 0 memorised, 11 levels left

rFire  . . .     SeeInvis +     G - +3 war axe (venom)
rCold  . . .     Gourm    .     b - +0 scale mail
rNeg   . . .     Faith    .     c - +0 shield
rPois  +         Spirit   .     (helmet unavailable)
rElec  .         Reflect  .     m - +0 cloak
rCorr  .         Harm     .     y - +0 pair of gloves
MR     +....                    n - +2 pair of boots
Stlth  ..........               (no amulet)
                                M - +3 ring of slaying
                                x - ring of poison resistance

@: no status effects
A: permanent stasis, dig shafts and tunnels, four strong arms, antennae 3, beak
a: Dig, Shaft Self, Potion Petition, Call Merchant, Bribe Branch, Renounce
Religion


You were on level 1 of the Orcish Mines.
You worshipped Gozag.
Gozag was most pleased with you.
You were not hungry.

You visited 3 branches of the dungeon, and saw 13 of its levels.

You collected 1748 gold pieces.
You spent 150 gold pieces at shops.
You paid 184 gold pieces to Gozag.

Inventory:

Hand Weapons
 G - a +3 war axe of venom (weapon)
Armour
 b - a +0 scale mail (worn)
 c - a +0 shield (worn)
 m - a +0 cloak (worn)
 n - a +2 pair of boots (worn)
 y - a +0 pair of gloves (worn)
Jewellery
 p - an uncursed ring of stealth
 r - a +2 ring of strength {unknown}
 x - a ring of poison resistance (left hand)
 E - a +3 ring of protection
 M - a +3 ring of slaying (right hand)
 Q - the amulet of Opybboytil {Faith rF- rC+ Int+3}
   (You bought it in a shop on level 1 of the Orcish Mines)

   [amulet of faith]

   It allows you to gain divine favour quickly.
   It affects your intelligence (+3).
   It makes you vulnerable to fire.
   It protects you from cold.
Wands
 u - a wand of enslavement (10/24)
 w - a wand of iceblast (5/15)
 A - a wand of iceblast (5/15)
 H - a wand of iceblast (10/15)
 N - a wand of acid (8/15)
Scrolls
 e - 5 scrolls of fear {unknown}
 h - a scroll of magic mapping {unknown}
 i - 2 scrolls of random uselessness {unknown}
 k - a scroll of noise {unknown}
 l - a scroll of blinking {unknown}
 o - 2 scrolls of immolation {unknown}
 B - a scroll of fog {unknown}
 C - 2 scrolls of remove curse
 F - 3 scrolls of identify
 J - a scroll of silence {unknown}
 K - 2 scrolls of enchant armour {unknown}
 P - a scroll of amnesia {unknown}
Potions
 a - 3 potions of lignification
 d - a potion of cure mutation
 g - 2 potions of resistance
 q - 2 potions of brilliance
 t - 3 potions of curing
 v - 2 potions of haste
 z - 2 potions of magic
 D - 2 potions of flight
 O - a potion of cancellation {unknown}
Books
 j - a book of Changes

   Spells                             Type                      Level
   a - Beastly Appendage              Transmutation                1
   b - Sticks to Snakes               Transmutation                2
   c - Spider Form                    Transmutation/Poison         3
   d - Ice Form                       Ice/Transmutation            4
   e - Blade Hands                    Transmutation                5
 I - a book of Battle

   Spells                             Type                      Level
   a - Infusion                       Charms                       1
   b - Shroud of Golubria             Charms/Translocation         2
   c - Song of Slaying                Charms                       2
   d - Spectral Weapon                Hexes/Charms                 3
   e - Regeneration                   Charms/Necromancy            3
Comestibles
 f - 6 bread rations
 s - a meat ration
 L - 6 slices of pizza


   Skills:
 - Level 3.2 Fighting
 + Level 13.6 Axes
 - Level 3.2 Armour
 + Level 16.0 Shields


You had 11 spell levels left.
You didn't know any spells.

Dungeon Overview and Level Annotations

Branches:
Dungeon (11/15)            Temple (1/1) D:7            Lair (0/6) D:10
    Orc (1/2) D:11

Altars:
Ashenzari
Cheibriados
Dithmenos
Elyvilon
Fedhas
Gozag
Hepliaklqana
Kikubaaqudgha
Makhleb
Nemelex Xobeh
Okawaru
Qazlal
Ru
Sif Muna
Trog
Uskayaw
Vehumet
Xom
Yredelemnul
Zin
The Shining One

Shops:
D:7 (   Orc:1 *

Portals:
Trove: D:11 (give 8 potions of agility)

Annotations:
D:4 1 runed door


Innate Abilities, Weirdness & Mutations

You are under a permanent stasis effect.
You can dig through walls and to a lower floor.
Your four strong arms can wield two-handed weapons with a shield.
You have a pair of large antennae on your head. (SInv)
You have a beak for a mouth.


Message History

30 gold pieces; a giant spiked club A wolf comes into view.
The wolf howls!
The wolf bites you.
You hit the hill giant.
The hill giant is poisoned.
The hill giant is lightly wounded.
You hit the wolf.
The wolf is poisoned.
The wolf bites you.
You miss the wolf. You peck the wolf, but do no damage.
The wolf is moderately wounded.
You slash the hill giant! You block the wolf's attack.
You block the hill giant's attack. The wolf bites you.
The wolf closely misses you.
You hit the hill giant.
The hill giant looks as sick as possible!
The hill giant is moderately wounded.
You hit the wolf.
The wolf is poisoned.
You hit the wolf.
The wolf looks as sick as possible!
You block the wolf's attack. x2
The hill giant hits you with a giant club!!!
You die...
Your body crumbles into a pile of gold.

#.........#........#...#
#...................#.##
#....................##
#..........#........#####
#.......[[[[........###.#
#.........[........##...
##....(..)#.............
###..Chh.#..[..#.......
##..@.......#........
##..[.....#.....3#.. $
##($.$#.###........
#.$...## ##.#.##..
##$#.## ######## $ #[###
# #)# #<# ###


You could see a hill giant and 2 wolves.

Vanquished Creatures
  A vault guard (D:11)
  An orc high priest (Orc:1)
  3 hill giants
  Pikel (D:5)
  A cyclops (Orc:1)
  2 centaur zombies
  2 kobold demonologists (D:11)
  A hornet (D:9)
  3 trolls
  A polar bear (D:10)
  2 hippogriffs
  A centaur simulacrum (D:10)
  A wyvern (D:9)
  A human (D:8)
  9 yaks
  3 hogs (D:8)
  Edmund (D:5)
  16 orc warriors
  Duvessa (D:5)
  4 ice beasts
  2 sky beasts
  A black bear (D:6)
  A phantom (D:8)
  3 centaurs
  8 ogres
  2 wolves
  A big kobold (D:11)
  12 bullfrogs
  Dowan (D:5)
  A gnoll sergeant (D:6)
  A wyvern skeleton (D:8)
  4 scorpions
  3 killer bees (D:11)
  4 howler monkeys
  2 crimson imps
  A quasit (D:11)
  6 orc priests
  2 bullfrog zombies
  3 jellies
  5 centaur skeletons
  5 hounds
  14 orc wizards
  2 bullfrog skeletons
  Crazy Yiuf (D:5)
  3 iguanas
  5 worker ants
  A hound zombie (D:5)
  3 hound skeletons
  2 worker ant zombies
  18 gnolls
  A howler monkey skeleton (D:8)
  10 adders
  2 shadow imps
  3 white imps (D:10)
  An adder skeleton (D:7)
  6 worms
  A dart slug (D:1)
  5 leopard geckos
  46 orcs
  A ball python (D:4)
  10 goblins
  7 hobgoblins
  14 jackals
  6 quokkas
  5 bats
  4 frilled lizards
  12 kobolds
  2 quokka zombies
  5 rats
313 creatures vanquished.

Vanquished Creatures (others)
  The ghost of CanOfBees the Infuser, a novice DECj of Vehumet (D:9)
  3 slaves (D:5)
  A hound (D:5)
  An orc priest (D:5)
  An orc wizard (D:5)
  2 gnolls (D:5)
  An adder (D:5)
  4 orcs (D:5)
  A frilled lizard (D:5)
  A jackal zombie (D:5)
  2 fulminant prisms (D:9)
  A plant (Orc:1)
19 creatures vanquished.

Grand Total: 332 creatures vanquished

Notes
Turn   | Place    | Note
-------+----------+-------------------------------------------
     0 | D:1      | LORDOFBUTT the Formicid Fighter began the quest for the Orb.
     0 | D:1      | Reached XP level 1. HP: 18/18 MP: 1/1
   165 | D:1      | Reached XP level 2. HP: 24/24 MP: 2/2
   298 | D:1      | Reached skill level 4 in Shields
   787 | D:1      | Reached XP level 3. HP: 29/29 MP: 3/3
  1042 | D:2      | Reached XP level 4. HP: 32/35 MP: 4/4
  1187 | D:2      | Reached skill level 5 in Shields
  1195 | D:2      | Reached XP level 5. HP: 16/41 MP: 5/5
  1605 | D:2      | Found a radiant altar of Vehumet.
  1787 | D:3      | Found a sparkling altar of Nemelex Xobeh.
  1882 | D:3      | Found a white marble altar of Elyvilon.
  2273 | D:4      | Found a runed door.
  2273 | D:4      | Noticed a human
  2276 | D:4      | Found a basalt altar of Yredelemnul.
  2490 | D:4      | Reached XP level 6. HP: 40/47 MP: 6/6
  2519 | D:4      | Reached skill level 6 in Shields
  2738 | D:5      | Entered Level 5 of the Dungeon
  2755 | D:5      | Found a snail-covered altar of Cheibriados.
  2755 | D:5      | Noticed Edmund
  2767 | D:5      | Killed Edmund
  2767 | D:5      | Reached skill level 5 in Axes
  2767 | D:5      | Reached XP level 7. HP: 46/52 MP: 7/7
  2784 | D:5      | Noticed Pikel
  2801 | D:5      | HP: 2/52 [Pikel/whip of flaming (1)]
  2806 | D:5      | Killed Pikel
  2806 | D:5      | Reached skill level 8 in Shields
  2806 | D:5      | Reached XP level 8. HP: 3/58 MP: 8/8
  3022 | D:5      | Noticed Duvessa
  3024 | D:5      | Killed Duvessa
  3118 | D:5      | Noticed Dowan
  3138 | D:5      | Killed Dowan
  3330 | D:5      | Reached skill level 9 in Shields
  3634 | D:5      | Found a runed door.
  3878 | D:5      | Reached XP level 9. HP: 64/64 MP: 9/9
  4133 | D:5      | Noticed Crazy Yiuf
  4141 | D:5      | Killed Crazy Yiuf
  4439 | D:6      | Reached skill level 10 in Shields
  4882 | D:6      | Noticed a hippogriff
  4909 | D:6      | Killed a hippogriff
  4909 | D:6      | Reached skill level 11 in Shields
  5264 | D:6      | Reached XP level 10. HP: 70/70 MP: 10/10
  5652 | D:7      | Found a staircase to the Ecumenical Temple.
  5922 | D:7      | Found Lustrem's Weapon Boutique.
  6097 | Temple   | Entered the Ecumenical Temple
  6324 | D:8      | Reached skill level 10 in Axes
  6376 | D:8      | Reached skill level 12 in Shields
  6472 | D:8      | Found an opulent altar of Gozag.
  6595 | D:8      | Found a snail-covered altar of Cheibriados.
  7084 | D:9      | Reached skill level 13 in Shields
  7140 | D:9      | Noticed CanOfBees's ghost (novice DECj)
  7157 | D:10     | Entered Level 10 of the Dungeon
  7447 | D:9      | Reached XP level 11. HP: 59/75 MP: 11/11
  7548 | D:8      | Became a worshipper of Gozag Ym Sagoz the Greedy
  7684 | D:9      | Killed CanOfBees's ghost
  7879 | D:10     | Found a staircase to the Lair.
  8223 | D:10     | Reached skill level 14 in Shields
  9233 | D:11     | Found a staircase to the Orcish Mines.
  9366 | D:11     | Noticed a vault guard
  9388 | D:11     | Killed a vault guard
  9388 | D:11     | Reached XP level 12. HP: 61/81 MP: 12/12
  9486 | D:11     | Found a portal to a secret trove of treasure.
  9532 | D:11     | Reached skill level 15 in Shields
 10102 | Orc:1    | Entered Level 1 of the Orcish Mines
 10177 | Orc:1    | Found a radiant altar of Vehumet.
 10194 | Orc:1    | Found Somaqasm's Assorted Antiques.
 10205 | Orc:1    | Bought a crude crystal amulet for 150 gold pieces
 10205 | Orc:1    | Identified the amulet of Opybboytil {Faith rF- rC+ Int+3} (You bought it in a shop on level 1 of the Orcish Mines)
 10496 | Orc:1    | Noticed an orc high priest
 10808 | Orc:1    | Gained mutation: You have a beak for a mouth. [a neqoxec]
 11123 | Orc:1    | Noticed a sun demon
 11368 | Orc:1    | Noticed a soul eater
 11377 | Orc:1    | Killed an orc high priest
 11391 | Orc:1    | Reached skill level 16 in Shields
 11403 | Orc:1    | Mangled by a hill giant

Skill      XL: |  1  2  3  4  5  6  7  8  9 10 11 12 |
---------------+-------------------------------------+-----
Shields        | 4 5 6 8 9 11 13 14 16 | 16.0
Axes           | 3 4 5 6 7 9 11 12 13 | 13.6
Fighting       | |  3.2
Armour         | |  3.2

Action                   |  1- 3 |  4- 6 |  7- 9 | 10-12 || total
-------------------------+-------+-------+-------+-------++-------
Melee: War axe           |    83 |   150 |   283 |   589 ||  1105
       Peck              |       |       |       |     7 ||     7
 Abil: Dig               |       |       |     2 |       ||     2
  Use: Potion            |       |     1 |     2 |     1 ||     4
       Scroll            |       |       |       |    12 ||    12
 Stab: Distracted        |       |       |       |     3 ||     3
  Eat: Chunk             |       |     2 |     6 |       ||     8
       Bread ration      |       |     1 |       |       ||     1
       Pizza             |       |       |     1 |     2 ||     3
       Fruit             |       |       |       |     3 ||     3
       Beef jerky        |       |       |       |     4 ||     4
       Meat ration       |       |       |       |     2 ||     2
Armor: Scale mail        |    39 |    52 |    93 |   164 ||   348
Dodge: Dodged            |    30 |    42 |    80 |   130 ||   282
Block: Shield            |    47 |    85 |   157 |   411 ||   700
